 Dungeon Crawl Stone Soup version 0.31-a0-237-g2d982f9f85 (webtiles) character file.

Game seed: 2479718243635038259

156 qw the Shooter (level 5, 0/30 HPs)
             Began as a Gargoyle Hexslinger on July 11, 2023.
             Slain by a scorpion (2 damage)
             ... on level 3 of the Dungeon.
             The game lasted 00:00:57 (2357 turns).

qw the Shooter (Gargoyle Hexslinger)                Turns: 2357, Time: 00:00:58

Health: 0/30       AC: 11    Str: 11    XL:     5   Next: 37%
Magic:  0/6        EV: 10    Int: 14    God:
Gold:   147        SH:  0    Dex: 14    Spells: 5/6 levels left

rFire   . . .        Y - +2 sling
rCold   . . .        (no shield)
rNeg    + . .        c - +0 ring mail
rPois   inf          i - +0 helmet
rElec   +            f - +0 cloak
rCorr   .            (no gloves)
SInv    .            (no boots)
Will    +....        a - amulet of guardian spirit
Stlth   +            h - ring of willpower
HPRegen 0.25/turn    (no ring)
MPRegen 0.10/turn

%: guardian spirit
@: no status effects
A: sickness immunity, AC +4, negative energy resistance 1, electricity
resistance, torment resistance 1, petrification resistance
a: no special abilities


You were on level 3 of the Dungeon.
You visited 1 branch of the dungeon, and saw 4 of its levels.

You collected 147 gold pieces.


Innate Abilities, Weirdness & Mutations

You are immune to sickness and miasma.
Your stone body is resilient. (AC +4)
You are immune to poison.
You resist negative energy. (rN+)
You are resistant to electric shocks. (rElec)
You are resistant to unholy torment.
You are immune to petrification.


   Skills:
 + Level 2.0 Fighting
 - Level 5.0 Ranged Weapons
 - Level 1.0 Armour
 - Level 1.5 Dodging
 - Level 1.0 Spellcasting
 - Level 2.6 Hexes


You had 5 spell levels left.
You knew the following spells:

 Your Spells              Type           Power      Damage    Failure   Level
a - Slow                  Hex            32%        N/A       21%         1

Your spell library contained the following spells:

 Spells                   Type           Power      Damage    Failure   Level
 Inner Flame              Hex/Fire       4%         N/A       71%         3
 Portal Projectile        Hex/Tloc       8%         N/A       71%         3
 Cause Fear               Hex            4%         N/A       90%         4

Inventory:

Hand Weapons
 Y - a +2 sling (weapon)
Armour
 c - a +0 ring mail (worn)
 f - a +0 cloak (worn)
 i - a +0 helmet (worn)
Jewellery
 a - an amulet of guardian spirit (around neck)
 h - a ring of willpower (left hand)
Scrolls
 j - a scroll of identify
Potions
 g - a potion of heal wounds {unknown}
 k - a potion of curing {unknown}

Dungeon Overview and Level Annotations

Branches:
Dungeon (4/15)
 Temple: D:4-7

Altars:


Message History

The hound bites you but does no damage. The worm bites you but does no damage.
The scorpion stings you.
You shoot a sling bullet. The sling bullet hits the hound.
The hound is almost dead.
The hound bites you but does no damage. The hound bites you.
The scorpion stings you but does no damage.
You shoot a sling bullet.
The sling bullet hits the hound but does no damage.
The hound is almost dead.
The hound bites you. The scorpion barely misses you.
The hound barely misses you. The worm bites you but does no damage.
The scorpion stings you but does no damage.
You shoot a sling bullet.
The sling bullet closely misses the hound.
The hound bites you but does no damage. The scorpion barely misses you.
The hound barely misses you. The worm bites you but does no damage.
You shoot a sling bullet. The sling bullet hits the hound.
You kill the hound!
The scorpion stings you.
The scorpion stings you but does no damage.
The worm barely misses you.
Your Ranged Weapons skill increases to level 5!
You shoot a sling bullet.
The sling bullet barely misses the scorpion.
The scorpion stings you. The worm closely misses you.
The scorpion closely misses you.
You shoot a sling bullet. The sling bullet hits the scorpion.
The scorpion is lightly wounded.
The scorpion closely misses you.
You shoot a sling bullet. The sling bullet hits the scorpion.
The scorpion is lightly wounded.
The scorpion barely misses you. The worm bites you but does no damage.
The scorpion barely misses you.
You shoot a sling bullet. The sling bullet hits the scorpion.
The scorpion is moderately wounded.
The scorpion closely misses you. The worm completely misses you.
You shoot a sling bullet.
The sling bullet closely misses the scorpion.
The scorpion stings you.
You die...

#####.......##...%......## #
#..###...#.####..........###
#...........................
#.####.#....................
#.##...#....................
#####.##.###....###.........##..
#...............###.............
#..........#...%.........##.....
#..........#..w@###<....#####..)
#####.######..s.###.#...#####...
######.######.....##.##.....##.##
................).......###......
####..)##########.#.##### #....##
##.....## #.#.# ###.#####
#.......# #...#####...#....
#.......########..#.[........###
#...................#....#######


You could see a worm and a scorpion.

Vanquished Creatures
  A hound (D:3)
  An orc wizard (D:3)
  2 adders (D:2)
  A worm (D:3)
  A dart slug (D:2)
  5 orcs (D:3)
  11 endoplasms
  2 giant cockroaches (D:1)
  4 goblins
  4 hobgoblins
  4 jackals (D:1)
  6 kobolds
  8 ball pythons
  4 bats
  2 frilled lizards
  12 rats
68 creatures vanquished.

Notes
Turn   | Place    | Note
-------+----------+-------------------------------------------
     0 | D:1      | qw the Gargoyle Hexslinger began the quest for the Orb.
     0 | D:1      | Reached XP level 1. HP: 12/12 MP: 2/2
     0 | D:1      | 0 ||| qw: Version: 0.3-a-52-g30416fa
     0 | D:1      | 0 ||| qw: Game counter: 5422
     0 | D:1      | 0 ||| qw: Melee chars always use a shield: true
     0 | D:1      | 0 ||| qw: God list: Okawaru
     0 | D:1      | 0 ||| qw: Allow faded altars: false
     0 | D:1      | 0 ||| qw: Do Orc after clearing Dungeon:15 true
     0 | D:1      | 0 ||| qw: Do second Lair branch before Depths: true
     0 | D:1      | 0 ||| qw: Lair rune preference: random
     0 | D:1      | 0 ||| qw: Goals: Normal
     0 | D:1      | 0 ||| PLANNING D:1-11
   147 | D:1      | Reached XP level 2. HP: 16/16 MP: 3/3
   178 | D:1      | Reached skill level 3 in Ranged Weapons
   513 | D:1      | Reached XP level 3. HP: 21/21 MP: 4/4
   942 | D:1      | 942 ||| UPGRADING to +0 cloak.
   947 | D:1      | 947 ||| UPGRADING to +0 helmet.
   952 | D:1      | 952 ||| UPGRADING to +0 leather armour.
   962 | D:1      | 962 ||| DROPPING +0 robe.
   963 | D:1      | 963 ||| UPGRADING to ring of willpower.
   964 | D:1      | 964 ||| READING scroll labelled GUMYSHR DOING.
   965 | D:1      | 965 ||| READING scroll labelled GEOPPI EFUWY.
   966 | D:1      | 966 ||| DROPPING scroll of poison.
  1240 | D:2      | Identified the +4 dagger of the Onslaught {vamp, rElec rF+}
  1296 | D:2      | Found a faded altar of an unknown god.
  1456 | D:2      | Reached XP level 4. HP: 26/26 MP: 5/5
  1736 | D:2      | 1736 ||| UPGRADING to +0 ring mail.
  1746 | D:2      | 1746 ||| DROPPING +0 leather armour.
  1747 | D:2      | 1747 ||| UPGRADING to amulet of guardian spirit.
  1752 | D:2      | 1752 ||| READING scroll labelled JUIWISIL GUBUOKK.
  1931 | D:3      | Reached skill level 1 in Armour
  1961 | D:3      | Reached skill level 4 in Ranged Weapons
  2126 | D:3      | Reached XP level 5. HP: 10/30 MP: 1/6
  2131 | D:3      | HP: 7/30 [endoplasm (1)]
  2302 | D:3      | 2302 ||| READING scroll labelled EBREYH ONEAH.
  2303 | D:3      | 2303 ||| READING 2 scrolls labelled FAACEU VUIT.
  2304 | D:3      | 2304 ||| READING 2 scrolls of identify.
  2304 | D:3      | 2304 ||| IDENTIFYING green potion
  2305 | D:3      | 2305 ||| DROPPING potion of invisibility.
  2306 | D:3      | 2306 ||| DROPPING scroll of fear.
  2342 | D:4      | 2342 ||| STAIRDANCE
  2348 | D:3      | HP: 7/30 [scorpion (4)]
  2353 | D:3      | Reached skill level 5 in Ranged Weapons
  2353 | D:3      | HP: 1/30 [scorpion (3)]
  2357 | D:3      | Slain by a scorpion

Levels and vault maps discovered:
D:1:      pf_arrival_petrified_forest, layout_basic
D:2:      layout_loops_corners, shapermc_ecumenical_altar_flowoftime, hex_large
D:3:      layout_rooms
D:4:      layout_basic, uniq_edmund

Skill      XL: |  1  2  3  4  5 |
---------------+----------------+-----
Ranged Weapons | 3 4 5 |  5.0
Fighting       | 2 |  2.0
Armour         | 1 |  1.0
Dodging        | |  1.5
Spellcasting   | |  1.0
Hexes          | |  2.6

Action                     |  1- 3 |  4- 6 || total
---------------------------+-------+-------++-------
   Fire: Sling             |   115 |   114 ||   229
    Use: Scroll            |     2 |     4 ||     6
 Armour: Robe              |    14 |       ||    14
         Leather armour    |    13 |       ||    13
         Ring mail         |       |    79 ||    79
  Dodge: Dodged            |    53 |    55 ||   108

Table legend:
 A = Non-vault XP
 B = Vault XP
 C = Vault XP percentage of total XP
 D = Non-vault monster count
 E = Vault monster count
 F = Vault count percentage of total count
                 A         B        C        D         E       F
            +---------+---------+-------+---------+---------+-------
      Total |     223 |       0 |   0.0 |      68 |       0 |   0.0
            +---------+---------+-------+---------+---------+-------
        D:1 |      37 |       0 |   0.0 |      24 |       0 |   0.0
        D:2 |      51 |       0 |   0.0 |      17 |       0 |   0.0
        D:3 |     135 |       0 |   0.0 |      27 |       0 |   0.0
            +---------+---------+-------+---------+---------+-------
